Map: Dusk Towers

Players

Miszu

  • Race: Terran Terran
  • League: Master

Rodzyn - Winner!

  • Race: Protoss Protoss
  • League: Master

VOD

Have the link to the VOD?

Description

Time

  • Played on: March 29, 2016, 5:21 p.m.
  • Length: 16:13
Show
View Real Time Build Order
Export as new Build Order

Miszu Terran 

Build Orders: Command Center First (CC), MMM Bio 

Get SALT Encoding   

  12  0:00  SCV  
  13  0:12  SCV  
  14  0:19  Supply Depot  
  14  0:25  SCV  
  15  0:40  SCV  
  16  0:52  SCV  
  17  0:59  Command Center  
  17  1:04  SCV  
  18  1:16  SCV  
  18  1:17  Barracks  
  19  1:28  SCV  
  19  1:32  Barracks  
  20  1:41  SCV  
  20  1:43  Barracks  
  21  1:53  SCV  
  22  2:05  Marine, Orbital Command  
  23  2:11  Orbital Command  
  23  2:19  Marine  
  24  2:23  Marine  
  25  2:31  SCV  
  25  2:34  Marine  
  25  2:36  Refinery, Marine  
  28  2:37  Refinery  
  28  2:42  Marine  
  28  2:43  SCV x2  
  31  2:45  Supply Depot  
  31  2:52  Marine  
  31  2:55  SCV  
  31  2:56  Marine, SCV  
  35  3:05  Barracks Tech Lab  
  35  3:07  SCV  
  35  3:08  Supply Depot, SCV  
  37  3:16  Marine x2  
  37  3:19  SCV  
  40  3:20  SCV  
  40  3:24  Marine  
  40  3:25  Stimpack  
  42  3:31  SCV  
  42  3:32  SCV  
  42  3:33  Supply Depot  
  44  3:34  Marine x2  
  46  3:42  Marine  
  46  3:43  SCV  
  46  3:47  Factory  
  47  3:49  SCV  
  47  3:52  Marine x2  
  50  3:55  SCV  
  50  3:57  Refinery  
  50  4:00  Supply Depot, Marine  
  50  4:01  SCV  
  53  4:08  Engineering Bay, SCV  
  54  4:10  Marine  
  54  4:13  Marine, SCV  
  57  4:18  Supply Depot, Marine  
  57  4:20  SCV  
  59  4:25  Supply Depot, SCV  
  59  4:27  Marine  
  59  4:30  Starport  
  61  4:32  SCV  
  61  4:35  Barracks Reactor, Factory Reactor  
  61  4:37  SCV  
  63  4:39  Missile Turret  
  63  4:42  Missile Turret  
  63  4:44  SCV  
  64  4:46  Barracks Tech Lab  
  64  4:49  Terran Infantry Weapons Level 1, SCV  
  65  4:56  SCV  
  64  5:01  SCV  
  64  5:02  Marine  
  64  5:05  Command Center  
  66  5:08  SCV  
  66  5:13  Refinery, SCV  
  68  5:17  Combat Shields  
  68  5:20  Medivac x2  
  68  5:21  Marauder  
  74  5:23  Marine, Marauder  
  74  5:24  Marine  
  74  5:26  SCV  
  78  5:33  SCV  
  79  5:39  SCV  
  79  5:42  Marauder  
  82  5:43  Marine x2  
  84  5:54  Marauder, Barracks  
  84  5:56  Barracks  
  86  5:58  Supply Depot  
  86  5:59  Supply Depot, SCV x2  
  86  6:01  Marine  
  89  6:05  Engineering Bay  
  89  6:07  Armory  
  89  6:11  SCV x2  
  91  6:19  Marauder  
  91  6:23  Medivac  
  91  6:24  Medivac, SCV x2  
  99  6:33  Orbital Command  
  99  6:36  SCV x2  
  99  6:38  Missile Turret  
  101  6:44  Barracks Reactor  
  101  6:48  SCV x2  
  101  6:51  Terran Infantry Armor Level 1  
  101  6:52  Barracks Reactor  
  101  6:53  Supply Depot  
  103  6:54  Marauder  
  103  7:00  SCV x2  
  106  7:04  Marine, Medivac x2  
  106  7:05  Marauder  
  106  7:08  SCV  
  114  7:11  Supply Depot  
  114  7:12  Supply Depot  
  114  7:13  Terran Infantry Weapons Level 2  
  114  7:15  Marine x2  
  116  7:26  Marauder  
  116  7:29  Barracks x2  
  118  7:30  Barracks  
  118  7:32  Refinery x2  
  118  7:33  Marine  
  118  7:34  Marauder  
  121  7:45  Medivac x2  
  121  7:47  Marauder  
  121  7:48  Marine x2  
  121  7:49  Marine x3, Ghost Academy  
  121  7:51  Marine  
  132  7:55  Supply Depot, Marine  
  132  7:57  Supply Depot  
  134  8:06  Marine x2  
  134  8:07  Marine x2  
  134  8:08  Marine  
  134  8:12  Missile Turret  
  139  8:14  Missile Turret  
  139  8:16  Barracks Tech Lab, Missile Turret x2  
  139  8:17  Barracks Tech Lab, Missile Turret  
  139  8:18  Barracks Reactor x2  
  138  8:22  Medivac x2  
  140  8:35  Ghost x2  
  140  8:39  Ghost  
  145  8:42  Marine x2  
  147  8:48  Supply Depot  
  147  8:49  Terran Infantry Armor Level 2  
  147  8:52  Supply Depot  
  147  9:01  Marine x4  
  151  9:04  Marine x2, Marauder x2  
  151  9:05  Marine x2  
  159  9:19  Command Center  
  157  9:24  Concussive Shells  
  157  9:30  Barracks  
  157  9:31  Supply Depot  
  156  9:32  Supply Depot  
  156  9:33  Marine, Marauder x2  
  156  9:34  Supply Depot, Marine x4  
  156  9:38  Marine  
  158  9:40  Terran Infantry Weapons Level 3  
  158  9:42  Marine  
  154  9:54  Ghost  
  154  9:55  Ghost  
  154  9:59  Ghost  
  157  10:01  Marine  
  158  10:08  Marine  
  159  10:23  Ghost x2  
  163  10:35  Ghost  
  165  10:44  Marine x2  
  165  10:45  Marine  
  165  10:46  Marine x3  
  170  10:51  Ghost  
  170  10:52  Ghost  
  169  11:00  Marine x3  
  169  11:01  Marine x2, Medivac x2  
  169  11:02  Marine  
  174  11:06  Marine  
  174  11:09  Ghost  
  174  11:10  Marine x2  
  159  11:20  Marine x6, Ghost  
  159  11:21  Marine x2  
  167  11:31  Medivac  
  118  11:52  Marine  
  118  11:53  Marine x11  
  107  11:55  Marine x2  
  99  12:03  Medivac x2  
  103  12:10  Marine x6  
  103  12:11  Marine x2  
  103  12:15  Marauder  
  113  12:16  Marine x2, Marauder  
  113  12:20  Planetary Fortress  
  117  12:23  Marine  
  117  12:25  Marauder  
  117  12:28  Marine  
  121  12:32  Medivac  
  121  12:33  Medivac  
  125  12:42  Ghost  
  125  12:43  Marine x4  
  125  12:44  Marine x2  
  134  12:45  Ghost x2  
  137  13:02  Medivac  
  138  13:06  Marine  
  138  13:07  Marine x8  
  138  13:12  Command Center  
  147  13:14  Sensor Tower, Ghost x3  
  147  13:15  Marine x2  
  155  13:24  Marine  
  155  13:26  Marine x2  
  155  13:27  Marine  
  158  13:28  Marine x2  
  151  13:42  Ghost x3  
  150  13:48  Marine x2  
  151  14:04  Marine x2  
  151  14:05  Marine  
  154  14:11  Ghost x3  
  128  14:24  Marine  
  128  14:25  Marine  
  128  14:27  Marine  
  130  14:31  Marine  
  130  14:38  Marine x3  
  133  14:39  Ghost x3  
  120  15:01  Marine  
  120  15:02  Marine x2  
  120  15:04  Marine x7  
  109  15:09  Marauder  
  87  15:27  Marine  
  75  15:32  Marine x6  
  75  15:41  Marine  
Show
View Real Time Build Order
Export as new Build Order

Rodzyn Protoss - Winner!

Build Orders: 1 Gate Expand, Oracle Opening 

Get SALT Encoding   

  12  0:01  Probe (Chrono Boost)  
  13  0:11  Probe (Chrono Boost)  
  14  0:18  Pylon  
  14  0:22  Probe (Chrono Boost)  
  15  0:36  Probe (Chrono Boost)  
  15  0:37  Gateway  
  16  0:47  Probe (Chrono Boost)  
  16  0:48  Assimilator  
  17  0:57  Probe (Chrono Boost)  
  18  1:08  Probe (Chrono Boost)  
  19  1:23  Nexus  
  19  1:25  Probe (Chrono Boost)  
  20  1:34  Cybernetics Core  
  20  1:37  Probe (Chrono Boost)  
  21  1:42  Assimilator  
  21  1:48  Probe (Chrono Boost)  
  21  1:52  Pylon  
  22  1:58  Probe (Chrono Boost)  
  23  2:10  Probe (Chrono Boost)  
  23  2:12  Adept (Chrono Boost)  
  23  2:15  Warp Gate  
  26  2:17  Pylon  
  26  2:22  Probe  
  27  2:34  Probe x2 (Chrono Boost)  
  29  2:43  Stargate  
  29  2:45  Probe x2 (Chrono Boost)  
  31  2:56  Probe x2 (Chrono Boost)  
  33  3:06  Probe x2 (Chrono Boost)  
  35  3:17  Probe x2 (Chrono Boost)  
  37  3:26  Probe (Chrono Boost)  
  37  3:27  Oracle (Chrono Boost), Probe (Chrono Boost)  
  37  3:31  Nexus  
  42  3:36  Probe  
  42  3:38  Pylon  
  43  3:46  Pylon, Probe  
  43  3:47  Probe  
  45  3:57  Adept  
  45  3:58  Mothership Core  
  45  3:59  Probe  
  50  4:05  Assimilator  
  50  4:10  Assimilator, Probe  
  50  4:13  Oracle (Chrono Boost)  
  50  4:16  Pylon  
  54  4:20  Probe  
  55  4:25  Probe  
  55  4:29  Gateway, Twilight Council  
  55  4:30  Gateway  
  56  4:39  Probe x2  
  56  4:41  Probe  
  56  4:44  Adept  
  61  4:49  Probe  
  61  4:51  Pylon, Probe  
  61  4:52  Probe  
  64  5:00  Probe  
  64  5:02  Probe  
  64  5:03  Probe  
  67  5:08  Blink (Chrono Boost), Pylon  
  67  5:10  Probe  
  67  5:13  Probe  
  68  5:15  Probe  
  68  5:18  Gateway  
  68  5:19  Gateway x2  
  70  5:21  Probe  
  70  5:23  Probe  
  70  5:27  Probe  
  73  5:30  Sentry, Stalker x2  
  73  5:31  Probe  
  73  5:32  Assimilator  
  73  5:34  Assimilator  
  80  5:38  Probe  
  80  5:39  Probe  
  80  5:42  Pylon, Probe  
  82  5:48  Pylon  
  82  5:49  Probe  
  83  5:56  Pylon  
  84  6:03  Pylon  
  84  6:05  Forge  
  84  6:06  Adept, Forge, Sentry, Pylon  
  84  6:07  Adept  
  90  6:15  Probe  
  90  6:17  Probe  
  92  6:22  Probe  
  93  6:26  Pylon x2, Probe  
  93  6:28  Stalker x4  
  93  6:30  Stalker  
  104  6:33  Protoss Ground Weapons Level 1 (Chrono Boost)  
  104  6:36  Pylon x2  
  104  6:39  Probe  
  105  6:40  Phoenix  
  105  6:42  Resonating Glaives (Chrono Boost)  
  105  6:43  Protoss Ground Armor Level 1 (Chrono Boost)  
  107  6:50  Templar Archives  
  107  7:06  Probe  
  108  7:09  Stalker x3  
  108  7:10  Adept  
  108  7:11  Adept x2  
  108  7:15  Psionic Storm  
  120  7:18  Gateway  
  120  7:19  Gateway  
  120  7:23  Pylon  
  120  7:31  High Templar  
  120  7:32  High Templar, Stalker x3  
  120  7:33  Stalker  
  132  7:58  Robotics Facility, Nexus  
  132  7:59  Robotics Facility, Pylon  
  132  8:02  Adept, Pylon  
  132  8:03  High Templar x3  
  139  8:11  Fleet Beacon  
  139  8:20  Stargate  
  139  8:24  Protoss Ground Armor Level 2 (Chrono Boost)  
  139  8:28  Probe  
  139  8:33  Probe  
  141  8:36  Probe  
  141  8:40  Protoss Ground Weapons Level 2 (Chrono Boost), Probe  
  143  8:46  Immortal (Chrono Boost)  
  143  8:48  Immortal (Chrono Boost)  
  151  8:52  Pylon  
  151  8:53  Adept x3  
  157  8:56  Adept x2  
  161  9:05  Zealot  
  161  9:06  Zealot x2  
  167  9:21  Immortal (Chrono Boost)  
  167  9:23  Immortal (Chrono Boost)  
  171  9:34  High Templar x2  
  175  9:42  Stalker  
  175  9:43  Stalker x4  
  175  9:44  Probe x2  
  175  9:45  Probe  
  183  10:05  Probe  
  182  10:18  Probe x2  
  184  10:24  Gateway x2  
  184  10:25  Gateway  
  184  10:26  Gateway  
  184  10:27  Immortal x2 (Chrono Boost)  
  192  10:30  High Templar x3  
  192  10:31  Probe  
  199  10:38  Assimilator x2  
  191  11:05  High Templar x2, Adept x2  
  191  11:06  Adept x2  
  191  11:10  Archon  
  169  11:21  Adept x2  
  167  11:29  Zealot  
  167  11:30  Zealot x5  
  173  11:34  Immortal (Chrono Boost)  
  173  11:35  Immortal (Chrono Boost)  
  177  11:44  Archon  
  149  11:48  Stalker x2  
  149  11:49  Archon  
  119  12:01  Protoss Ground Armor Level 3  
  119  12:05  Probe  
  119  12:06  Probe x3  
  119  12:08  Protoss Ground Weapons Level 3  
  127  12:09  Immortal x2 (Chrono Boost)  
  127  12:18  Probe  
  127  12:19  High Templar  
  127  12:20  Pylon  
  130  12:26  Pylon, Zealot  
  130  12:27  Zealot x5  
  130  12:28  Zealot x3  
  130  12:29  Zealot x2  
  152  12:32  Nexus  
  151  12:48  Zealot x4  
  151  12:49  Adept x3  
  151  12:50  Adept x3  
  151  12:51  Charge (Chrono Boost)  
  168  12:56  Pylon  
  168  12:57  Pylon  
  168  12:58  Nexus  
  158  13:10  Stalker x5  
  168  13:17  Immortal, Warp Prism  
  174  13:27  High Templar  
  174  13:28  High Templar  
  174  13:30  High Templar  
  174  13:32  Zealot x2  
  174  13:33  Adept, Zealot x2  
  184  13:43  Zealot x2  
  184  13:48  Probe  
  183  13:59  High Templar  
  183  14:00  Stalker x6  
  197  14:09  Pylon  
  197  14:16  Archon  
  169  14:26  Zealot x2  
  169  14:27  Zealot x7  
  169  14:28  Zealot  
  189  14:44  High Templar x2  
  187  14:55  Archon  
  187  14:56  Archon  
  179  15:06  Immortal  
  179  15:07  Immortal  
  155  15:08  Zealot x2  
  155  15:09  Zealot x4  
  155  15:10  Zealot x4  
  147  15:28  Zealot x3  
  147  15:29  Zealot x5  
  147  15:30  Zealot  
  147  15:31  Zealot x2  
  147  15:32  Zealot  
  159  15:37  Assimilator  
  159  15:38  Assimilator  
  155  15:53  High Templar x3  
  155  15:54  High Templar x2  
  155  15:55  High Templar x2  
  159  16:09  Zealot x2  
  159  16:10  Zealot x3  
Tags
 
Add a new tag
Caveats
  • Supply blocks, unpowered buildings, or Contaminate may cause inaccurate times.
  • Supply counts are checked every 10 seconds.